 Dungeon Crawl Stone Soup version 0.24.1-4-ge52af88ad5 (webtiles) character file.

Game seed: 2918194541959982, levelgen mode: deterministic

1211 H0rd4k the Thaumaturge (level 8, -7/42 HPs)
             Began as a Deep Elf Wizard on Apr 17, 2020.
             Killed from afar by Dowan (22 damage)
             ... with a shard of ice
             ... on level 5 of the Dungeon.
             The game lasted 00:14:20 (5899 turns).

H0rd4k the Thaumaturge (Deep Elf Wizard)            Turns: 5899, Time: 00:14:25

Health: -7/42      AC:  3    Str:  5    XL:     8   Next: 22%
Magic:  2/25       EV: 13    Int: 25    God:
Gold:   256        SH:  0    Dex: 13    Spells: 17/26 levels left

rFire    . . .     SeeInvis .   r - +9 whip "Qieted" {protect, rF+ rN+}
rCold    + . .     Gourm    .   (no shield)
rNeg     + . .     Faith    .   a - +0 robe
rPois    .         Spirit   .   b - +0 hat
rElec    .         Reflect  .   (no cloak)
rCorr    .         Harm     .   (no gloves)
MR       .....                  (no boots)
Stlth    ++........             u - amulet of rage
HPRegen  0.14/turn              q - ring of ice
MPRegen  0.19/turn              (no ring)

@: lethally poisoned (-7 -> -16), very slightly contaminated
A: iridescent scales 1, deformed body, high mp 1
a: Evoke Berserk Rage


You were on level 5 of the Dungeon.
You were not hungry.

You visited 1 branch of the dungeon, and saw 6 of its levels.

You collected 256 gold pieces.

Inventory:

Hand Weapons
 k - a +0 dagger of venom
 r - the +9 whip "Qieted" (weapon) {protect, rF+ rN+}
   (You found it on level 4 of the Dungeon)

   It grants its wielder temporary protection when it strikes (+7 to AC).
   It protects you from fire.
   It protects you from negative energy.
 B - a +3 short sword of protection
Missiles
 e - 24 poisoned darts (quivered)
Armour
 a - a +0 robe (worn)
 b - a +0 hat (worn)
Jewellery
 q - a ring of ice (left hand)
 u - an amulet of rage (around neck)
 y - an uncursed ring of ice
Scrolls
 c - 9 scrolls of identify {unknown}
 h - 2 scrolls of amnesia {unknown}
 i - 2 scrolls of fog {unknown}
 j - 2 scrolls of enchant weapon {unknown}
 l - 6 scrolls of teleportation {unknown}
 n - a scroll of remove curse {unknown}
 p - 2 scrolls of enchant armour {unknown}
 t - 2 scrolls of noise {unknown}
 v - a scroll of random uselessness {unknown}
Potions
 f - a potion of lignification
 g - 2 potions of flight
 m - 2 potions of degeneration {unknown}
 o - a potion of ambrosia {unknown}
 s - a potion of heal wounds {unknown}
 x - a potion of magic {unknown}
 z - 2 potions of brilliance {unknown}
 A - a potion of invisibility {unknown}
Comestibles
 d - 11 rations
 w - 4 chunks of flesh


   Skills:
 + Level 0.5 Fighting
 + Level 3.4 Dodging
 + Level 3.6 Stealth
 + Level 9.8 Spellcasting
 + Level 6.3 Conjurations
   Level 1.1 Summonings
 + Level 1.9 Translocations
 + Level 0.6 Fire Magic
 + Level 1.1 Air Magic
 + Level 1.2 Poison Magic


You had 17 spell levels left.
You knew the following spells:

 Your Spells              Type           Power        Failure   Level  Hunger
a - Magic Dart            Conj           ####         1%          1    None
b - Blink                 Tloc           N/A          3%          2    None
c - Conjure Flame         Conj/Fire      ####....     3%          3    None
d - Mephitic Cloud        Conj/Pois/Air  ####....     4%          3    None

Your spell library contained the following spells:

 Spells                   Type           Power        Failure   Level  Hunger
 Call Imp                 Summ           ###.....     4%          2    None
 Slow                     Hex            ##......     8%          2    None


Dungeon Overview and Level Annotations

Branches:
Dungeon (6/15)
 Temple: D:4-7

Altars:
Ashenzari
Elyvilon
Gozag
Yredelemnul

Annotations:
D:2 1 runed translucent door, exclusion: worm, Crazy Yiuf
D:3 exclusion: downstairs
D:4 Eustachio
D:5 Dowan


Innate Abilities, Weirdness & Mutations

You are partially covered in iridescent scales. (AC +2)
Armour fits poorly on your strangely shaped body.
You have an increased reservoir of magic. (+10% MP)


Message History

Things that are here:
a +3 short sword of protection; a +0 ring mail; the elf corpse of Duvessa
B - a +3 short sword of protection You feel sick.
Dowan hits you with a +2 dagger of venom.
You are more poisoned.
Dowan misses you.
You feel sick.
You aren't carrying any items that you can evoke.
You feel sick.
Dowan says, "Her death will not be in vain!"
Dowan misses you.
You feel sick.
You feel sick. Dowan gestures at you while chanting. The stone arrow hits you!
Dowan casts a spell at you. The shard of ice hits you!! You partially resist.
Ouch! That really hurt!
You die...

######## #####......#
#......###.# #.###...##.####
######### #.#.....(.....#
#.......# #.#.#...##.##.#
#.#####.#
#.#.#..###.##@#####.#####.###
#..........##..e.[).........#
###.###############.#..##.#.#
#........# #.#.>##.#.#
#..#####.# #.......#.#
#..#####.###### ###.##.##.##
#.....##..)...# #......e...
##............# #.####.####
#.##.##..(...# #.# .....


You could see Dowan.

Vanquished Creatures
  A hungry ghost (D:4)
  Duvessa (D:5)
  An ice beast (D:5)
  4 ogres
  2 scorpions
  A howler monkey (D:5)
  A bullfrog zombie (D:5)
  A hound (D:5)
  An orc priest (D:6)
  An iguana (D:4)
  2 worker ants (D:4)
  A hound skeleton (D:6)
  6 adders
  4 gnolls (D:4)
  A shadow imp (D:5)
  3 oozes
  An adder skeleton (D:4)
  3 worms
  3 dart slugs
  2 leopard geckos
  17 orcs
  9 bats
  4 giant cockroaches
  9 goblins
  6 hobgoblins
  7 jackals (D:1)
  A quokka (D:5)
  7 frilled lizards
  9 kobolds
  A leopard gecko zombie (D:5)
  11 rats
121 creatures vanquished.

Notes
Turn   | Place    | Note
-------+----------+-------------------------------------------
     0 | D:1      | H0rd4k the Deep Elf Wizard began the quest for the Orb.
     0 | D:1      | Reached XP level 1. HP: 10/10 MP: 7/7
   114 | D:1      | Reached skill level 5 in Spellcasting
   179 | D:1      | Reached XP level 2. HP: 15/15 MP: 0/10
   437 | D:1      | Learned a level 2 spell: Blink
   557 | D:2      | Reached XP level 3. HP: 15/19 MP: 6/12
   914 | D:2      | Found a shattered altar of Ashenzari.
  1385 | D:2      | Reached XP level 4. HP: 24/24 MP: 9/13
  1402 | D:2      | Found a runed translucent door.
  1403 | D:2      | Noticed Crazy Yiuf
  1601 | D:1      | Reached skill level 6 in Spellcasting
  2294 | D:3      | Learned a level 3 spell: Conjure Flame
  2540 | D:3      | Gained mutation: You evolve. [potion of mutation]
  2540 | D:3      | Gained mutation: Armour fits poorly on your strangely
                  | shaped body. [potion of mutation]
  2540 | D:3      | Gained mutation: You have an increased reservoir of magic.
                  | (+10% MP) [potion of mutation]
  2937 | D:3      | Reached XP level 5. HP: 28/28 MP: 9/17
  2990 | D:4      | Noticed a hungry ghost
  3103 | D:4      | Got a slimy whip
  3163 | D:4      | Learned a level 3 spell: Mephitic Cloud
  3174 | D:4      | Identified the +9 whip "Qieted" {protect, rF+ rN+} (You
                  | found it on level 4 of the Dungeon)
  3438 | D:4      | Killed a hungry ghost
  3438 | D:4      | Reached skill level 7 in Spellcasting
  3438 | D:4      | Reached XP level 6. HP: 32/32 MP: 3/20
  3526 | D:4      | Noticed Eustachio
  3774 | D:5      | Entered Level 5 of the Dungeon
  3839 | D:5      | Noticed an ice beast
  3855 | D:5      | Killed an ice beast
  3936 | D:5      | Found a basalt altar of Yredelemnul.
  3964 | D:5      | Reached skill level 8 in Spellcasting
  3998 | D:5      | Found an opulent altar of Gozag.
  4104 | D:5      | Noticed Duvessa
  4260 | D:5      | Reached XP level 7. HP: 36/36 MP: 15/22
  4273 | D:5      | Reached skill level 5 in Conjurations
  4411 | D:5      | Gained mutation: You are partially covered in iridescent
                  | scales. (AC +2) [evolution]
  4411 | D:5      | Lost mutation: You evolve. [end of evolution]
  4431 | D:5      | Found a white marble altar of Elyvilon.
  4431 | D:5      | Noticed Dowan
  5020 | D:4      | Reached skill level 9 in Spellcasting
  5699 | D:6      | Reached skill level 1 in Air Magic
  5699 | D:6      | Reached skill level 1 in Poison Magic
  5716 | D:6      | Reached XP level 8. HP: 40/42 MP: 11/25
  5893 | D:5      | Killed Duvessa
  5899 | D:5      | Killed from afar by Dowan

Levels and vault maps discovered:
D:1:      erik_arrival_gehennom, layout_basic, chequers_serial_rivers_marsh,
          hangedman_decor_slide_cut, minmay_misc_feat_x
D:2:      layout_loops_ring, evilmike_ruin_ashenzari, first_ration,
          uniq_crazy_yiuf_cottage
D:3:      layout_basic
D:4:      layout_loops_corners, kennysheep_cross_room, uniq_eustachio
D:5:      layout_loops_cross, old_standard_altar,
          nicolae_overflow_crystal_walls, old_standard_altar, uniq_duvessa
D:6:      layout_rooms, uniq_prince_ribbit1, uniq_edmund

Skill      XL: |  1  2  3  4  5  6  7  8 |
---------------+-------------------------+-----
Spellcasting   | 5 6 7 8 9 |  9.8
Conjurations   | 2 3 4 5 6 |  6.3
Stealth        | 3 |  3.6
Dodging        | 3 |  3.4
Air Magic      | 1 |  1.1
Poison Magic   | 1 |  1.2
Fighting       | |  0.5
Summonings     | |  1.1
Translocations | |  1.9
Fire Magic     | |  0.6

Action                   |  1- 3 |  4- 6 |  7- 9 || total
-------------------------+-------+-------+-------++-------
 Cast: Magic Dart        |    90 |   162 |   101 ||   353
       Blink             |     2 |     2 |     5 ||     9
       Conjure Flame     |       |     8 |     8 ||    16
       Mephitic Cloud    |       |     4 |     7 ||    11
  Use: Potion            |       |     4 |       ||     4
  Eat: Chunk             |     1 |     9 |     5 ||    15
Armor: Robe              |     4 |    13 |     1 ||    18
Dodge: Dodged            |     9 |    65 |    20 ||    94
